 Dungeon Crawl Stone Soup version 0.26-a0-651-gb41185065b (webtiles) character file.

Game seed: 65033163479509394

511 Flugslaktarn the Chopper (level 6, -2/58 HPs)
             Began as a Deep Dwarf Fighter on Oct 12, 2020.
             Slain by a sky beast (4 damage)
             ... on level 5 of the Dungeon.
             The game lasted 00:01:15 (1202 turns).

Flugslaktarn the Chopper (Deep Dwarf Fighter)       Turns: 1202, Time: 00:01:16

Health: -2/58      AC:  7    Str: 19    XL:     6   Next: 99%
Magic:  3/3        EV:  8    Int:  9    God:
Gold:   100        SH:  9    Dex: 14    Spells: 5/5 levels left

rFire    . . .     SeeInvis .   a - +0 war axe
rCold    . . .     Faith    .   c - +0 kite shield
rNeg     . . .     Spirit   .   b - +0 scale mail
rPois    .         Reflect  .   (no helmet)
rElec    .         Harm     .   (no cloak)
rCorr    .         Rampage  .   (no gloves)
MR       .....                  (no boots)
Stlth    ..........             (no amulet)
HPRegen  0.00/turn              (no ring)
MPRegen  0.08/turn              (no ring)

@: non-regenerating
A: damage resistance, heal wounds, sense surroundings 1, no regeneration
a: Heal Wounds


You were on level 5 of the Dungeon.
You visited 2 branches of the dungeon, and saw 6 of its levels.

You collected 182 gold pieces.
You spent 82 gold pieces at shops.

Inventory:

Hand Weapons
 a - a +0 war axe (weapon)
Armour
 b - a +0 scale mail (worn)
 c - a +0 kite shield (worn)
Jewellery
 j - a cursed ring of teleportation {unknown}
   (You found it on level 1 of the Dungeon)
 n - a +4 ring of evasion {unknown}
   (You found it on level 4 of the Dungeon)
Scrolls
 e - a scroll of fog {unknown}
 f - a scroll of blinking {unknown}
 g - 5 scrolls of identify {unknown}
 m - a scroll of enchant weapon
 p - a scroll of teleportation {unknown}
Potions
 d - 2 potions of might
 h - a potion of resistance {unknown}
 i - 3 potions of curing {unknown}
 k - a potion of lignification {unknown}
 l - a potion of haste {unknown}
 o - a potion of brilliance {unknown}


   Skills:
 * Level 4.6 Fighting
 * Level 5.1 Axes
 + Level 4.6 Armour
 + Level 2.1 Dodging
 - Level 3.9 Shields


You had 5 spell levels left.
You didn't know any spells.
Your spell library was empty.

Dungeon Overview and Level Annotations

Branches:
Dungeon (5/15)             Temple (1/1) D:4

Altars:
Dithmenos
Gozag
Hepliaklqana
Nemelex Xobeh
Okawaru
Sif Muna
Trog
Uskayaw
Vehumet
Wu Jian
Xom
Yredelemnul

Shops:
D:4 (*(

Annotations:
D:5 Grinder


Innate Abilities, Weirdness & Mutations

You are resistant to damage.
You can heal yourself by infusing magical energy.
You passively map a small area around you.
You do not regenerate.


Message History

You hit something. Something hits you but does no damage.
You miss something. Something completely misses you.
Grinder blinks!
You miss something. Something hits you. Something shocks you.
* * * LOW HITPOINT WARNING * * *
You barely miss something. Something hits you but does no damage.
Grinder blinks!
Something hits you. Something shocks you.
* * * LOW HITPOINT WARNING * * *
You hit something. Something hits you.
* * * LOW HITPOINT WARNING * * *
Something shocks you.
* * * LOW HITPOINT WARNING * * *
You barely miss something. You hit Grinder but do no damage.
You block something's attack. Grinder hits you.
* * * LOW HITPOINT WARNING * * *
You writhe in agony.
* * * LOW HITPOINT WARNING * * *
Something hits you but does no damage.
You closely miss something. You hit Grinder. You block Grinder's attack.
Something hits you. Something shocks you.
You die...

#.#########
#........# #.#
###......# ##.##
###.#### #...####
#####......
#.#....#
#<.....####
#...##.#
#...###.#####
######.#### #.
#...... #..#.#.#.#.
*#......
##.@{....>.,
#/.#.##
#.#5#.#.#.**#......
#..... #..##.#
#.#.#.# *#......
#....... *#......
###.#,#.# * ####...
.. ... #... .# #. *
#... * * ##.#


You could see Grinder.

Vanquished Creatures
  A sky beast (D:4)
  2 hounds (D:4)
  A gnoll shaman (D:4)
  3 orc priests (D:4)
  An orc wizard (D:4)
  3 worker ants
  5 gnolls
  2 adders (D:3)
  A white imp (D:5)
  An adder skeleton (D:4)
  A dart slug (D:3)
  2 leopard geckos
  10 orcs (D:4)
  5 bats
  3 giant cockroaches
  6 goblins (D:1)
  5 hobgoblins
  3 jackals (D:1)
  4 kobolds
  A quokka (D:4)
  A ball python (D:3)
  5 frilled lizards
  2 rats (D:1)
68 creatures vanquished.

Notes
Turn   | Place    | Note
-------+----------+-------------------------------------------
     0 | D:1      | Flugslaktarn the Deep Dwarf Fighter began the quest for the
                  | Orb.
     0 | D:1      | Reached XP level 1. HP: 20/20 MP: 1/1
   116 | D:1      | Reached XP level 2. HP: 20/27 MP: 2/2
   233 | D:1      | Reached XP level 3. HP: 34/34 MP: 3/3
   289 | D:2      | Reached skill level 3 in Axes
   497 | D:4      | Reached XP level 4. HP: 30/42 MP: 4/4
   536 | D:4      | Found a staircase to the Ecumenical Temple.
   540 | D:4      | Found Ytwesuoxi's Weapon Boutique.
   574 | D:5      | Entered Level 5 of the Dungeon
   587 | Temple   | Entered the Ecumenical Temple
   704 | D:4      | Reached XP level 5. HP: 28/50 MP: 5/5
   712 | D:4      | Reached skill level 4 in Axes
   747 | D:4      | Found an iron altar of Okawaru.
   801 | D:4      | Found Lyilo's General Store.
   805 | D:4      | Reached skill level 1 in Dodging
   806 | D:4      | Noticed a sky beast
   816 | D:4      | Reached XP level 6. HP: 26/57 MP: 5/5
   844 | D:4      | Killed a sky beast
   853 | D:4      | Bought a scroll of enchant weapon for 82 gold pieces
   868 | D:4      | Found Xuraaz's Antique Weapon Shoppe.
   978 | D:4      | Reached skill level 5 in Axes
  1009 | D:4      | Found an ornate altar of the Wu Jian Council.
  1180 | D:5      | Noticed a sky beast
  1181 | D:5      | Noticed Grinder
  1201 | D:5      | HP: 2/58 [Grinder (3)]
  1202 | D:5      | Slain by a sky beast

Illustrated notes

Levels and vault maps discovered:
D:1:      saegor_arrival_simple_e, layout_rooms
D:2:      layout_loops_ring, nicolae_overflow_crystal_walls,
          chequers_temple_overflow_statue_of_worship,
          chequers_ecumenical_altar_grove, serial_park_tiny_1, tso_altar
D:3:      layout_loops_ring, minmay_ruptured
D:4:      layout_rooms, nicolae_overflow_hidden_temple, kennysheep_mini_moat,
          minmay_temple_entry_mini_moons, serial_shops, nicolae_shop_waterfront,
          shop, shop
D:5:      layout_loops_cross, st_stairs_9, uniq_grinder
Temple:   compressed_dpeg_circular_temple

Skill      XL: |  1  2  3  4  5  6 |
---------------+-------------------+-----
Fighting       | 3 4 |  4.6
Axes           | 3 4 5 |  5.1
Armour         | 4 |  4.6
Dodging        | 1 2 |  2.1
Shields        | |  3.9

Action                   |  1- 3 |  4- 6 || total
-------------------------+-------+-------++-------
Melee: War axe           |    87 |   166 ||   253
 Abil: Heal Wounds       |     1 |     8 ||     9
Armor: Scale mail        |    44 |    92 ||   136
Dodge: Dodged            |    37 |    70 ||   107
Block: Kite shield       |    61 |   112 ||   173

Table legend: (Time is in decaauts)
 A = Elapsed time spent in this place.
 B = Non-inter-level travel time spent in this place.
 C = Inter-level travel time spent in this place.
 D = Time resting spent in this place.
 E = Time spent auto-exploring this place.
 F = Levels seen in this place.
 G = Mean time per level.
                   A        B        C        D        E       F      G
               +--------+--------+--------+--------+--------+-----+--------+
         Total |   1299 |   1172 |    127 |      0 |    654 |   6 |  216.5 |
       Dungeon |   1210 |   1093 |    117 |      0 |    577 |   5 |  242.0 |
        Temple |     88 |     78 |     10 |      0 |     77 |   1 |   88.0 |
               +--------+--------+--------+--------+--------+-----+--------+

Top non-repeatable levels by time:
     D:4: 563 daAuts
     D:1: 299 daAuts
     D:5: 119 daAuts
     D:3: 118 daAuts
     D:2: 108 daAuts
  Temple: 88 daAuts
